 Dungeon Crawl Stone Soup version 0.30-a0-739-gea05faddec (webtiles) character file.

Game seed: 12938676994755285091

349 Leeroy the Sneak (level 6, -5/30 HPs)
             Began as a Vine Stalker Warper on Feb 4, 2023.
             Was an Elder of Uskayaw.
             Slain by a gnoll
             ... wielding a +0 halberd
              (11 damage)
             ... on level 4 of the Dungeon.
             The game lasted 00:06:30 (3247 turns).

Leeroy the Sneak (Vine Stalker Warper)              Turns: 3247, Time: 00:06:31

Health: -5/30      AC:  5    Str: 17    XL:     6   Next: 60%
Magic:  0/10       EV: 12    Int: 13    God:    Uskayaw [****..]
Gold:   182        SH:  0    Dex: 13    Spells: 7/9 levels left

rFire   . . .      SeeInvis .    l - +3 dagger
rCold   . . .      Faith    .    (no shield)
rNeg    . . .      Spirit   +    g - +2 robe "Noit" {Rampage Str+3 Dex-2 Stlth+}
rPois   .          Reflect  .    o - +0 helmet
rElec   .          Harm     .    v - scarf {shadows}
rCorr   .          Rampage  +    (no gloves)
Will    .....                    (no boots)
Stlth   ++++                     (no amulet)
HPRegen 1.05/turn                (no ring)
MPRegen 0.12/turn                (no ring)

@: no status effects
A: fangs 2, regeneration 1, magic shield, antimagic bite, no potion heal 2
a: Renounce Religion, Stomp, Line Pass


You were on level 4 of the Dungeon.
You worshipped Uskayaw.
Uskayaw was noncommittal.
You visited 2 branches of the dungeon, and saw 5 of its levels.

You collected 182 gold pieces.

Inventory:

Hand Weapons
 a - a +0 falchion
 l - a +3 dagger (weapon)
 r - a +3 quarterstaff of chaos
 w - a +0 rapier
Missiles
 d - 7 boomerangs of dispersal (quivered)
 i - a boomerang
Armour
 b - a +0 leather armour
 g - the +2 robe "Noit" (worn) {Rampage Str+3 Dex-2 Stlth+}
   (You found it on level 3 of the Dungeon)

   Str:       It affects your strength (+3).
   Dex:       It affects your dexterity (-2).
   Rampage:   It bestows one free step when moving towards enemies.
   Stlth:     It makes you more stealthy.
 o - a +0 helmet (worn)
 q - a +0 cloak
 v - a scarf of shadows (worn)
Jewellery
 u - a ring of wizardry
Wands
 y - a wand of flame (24)
Scrolls
 c - 2 scrolls of blinking
 e - 2 scrolls of poison {unknown}
 f - 2 scrolls of fear {unknown}
 h - 2 scrolls of immolation {unknown}
 j - a scroll of enchant weapon {unknown}
 n - 5 scrolls of identify {unknown}
 s - a scroll of brand weapon {unknown}
 t - a scroll of magic mapping {unknown}
Potions
 k - a potion of cancellation
 m - 2 potions of haste
 p - 2 potions of curing
 x - a potion of berserk rage {unknown}
 z - a potion of resistance {unknown}


   Skills:
 - Level 1.7 Fighting
 - Level 4.1 Long Blades
 - Level 0.8 Throwing
 - Level 0.7 Armour
 - Level 1.5 Dodging
 + Level 6.4 Stealth
 - Level 2.1 Spellcasting
 - Level 3.0 Translocations


You had 7 spell levels left.
You knew the following spells:

 Your Spells              Type           Power      Damage    Failure   Level
a - Blink                 Tloc           18%        N/A       11%         2

Your spell library contained the following spells:

 Spells                   Type           Power      Damage    Failure   Level
 Lesser Beckoning         Tloc           18%        N/A       11%         2
 Teleport Other           Tloc           9%         N/A       22%         3
 Magic Dart               Conj           4%         1d3       26%         1
 Necrotise                Necr           4%         1d4       26%         1
 Call Imp                 Summ           1%         N/A       36%         2
 Vhi's Electric Charge    Tloc/Air       10%        N/A       38%         3
 Mephitic Cloud           Conj/Pois/Air  1%         N/A       58%         3
 Vampiric Draining        Necr           1%         2d6       58%         3
 Manifold Assault         Tloc           9%         N/A       58%         4
 Agony                    Necr           1%         N/A       100%        5


Dungeon Overview and Level Annotations

Branches:
Dungeon (4/15)             Temple (1/1) D:4

Altars:
Ashenzari
Dithmenos
Elyvilon
Fedhas
Gozag
Kikubaaqudgha
Makhleb
Nemelex Xobeh
Qazlal
Ru
Trog
Uskayaw
Vehumet
Wu Jian
Xom
Yredelemnul
Zin

Shops:
D:2 [


Innate Abilities, Weirdness & Mutations

You have extremely sharp teeth.
Your natural rate of healing is unusually fast.
When hurt, damage is shared between your health and your magic reserves.
Your bite disrupts and absorbs the magic of your enemies.
Potions cannot restore your health.


Message History

The hound is severely wounded.
The hound closely misses you.
You barely miss the hound. Your bite misses the hound.
The hound is severely wounded.
The hound bites you but does no damage.
You miss the hound. Your bite misses the hound.
The hound is severely wounded.
The hound bites you.
The gnoll hits you from afar with a +0 halberd!
* * * LOW HITPOINT WARNING * * *
The hound closely misses you.
Uskayaw prepares the audience for your solo!
The helpless orc fails to defend itself.
You impale the orc!!
You kill the orc!
The gnoll is no longer paralysed.
The hound is no longer paralysed.
The hound bites you.
* * * LOW HITPOINT WARNING * * *
The gnoll barely misses you.
You hit the hound but do no damage. Your bite misses the hound.
The hound is severely wounded.
The hound misses you.
You hit the hound. Your bite misses the hound.
The hound is severely wounded.
The hound closely misses you. The gnoll closely misses you.
Uskayaw will force your foes to share their pain.
Uskayaw links your audience in an emotional bond!
You closely miss the hound. Your bite misses the hound.
The hound is severely wounded.
The hound bites you.
* * * LOW HITPOINT WARNING * * *
The gnoll misses you. The hound barely misses you.
You hit the hound.
The hound is almost dead.
The hound barely misses you. The gnoll barely misses you.
You puncture the hound!
You kill the hound!
The gnoll is no longer sharing its pain.
The gnoll hits you from afar with a +0 halberd!
You die...

............#........#...........
.#######..###.###...##.........P.
.# #..# #.###...##........~.~ ...
....# ..#......#........~.~ ....
.... ...#......#......w.g.~ .##.
### ####..##..##..).~.~ .#
###.####..##..####...P. ..
......†....#..oghS)....
......@)...#..h#.......
...........#..######...
.###..##g.##..# ### #..##..##..+
#..........# #..........#
##+##..##..# #+###...# ....#


You could see a gnoll.

Vanquished Creatures
  A phantom (D:4)
  2 hounds (D:4)
  An orc priest (D:4)
  Crazy Yiuf (D:3)
  2 orc wizards (D:4)
  2 gnolls (D:4)
  4 adders
  2 worms
  2 dart slugs
  5 orcs
  4 ball pythons
  7 endoplasms
  5 giant cockroaches
  3 goblins
  8 hobgoblins
  A quokka (D:1)
  5 bats
  2 frilled lizards
  6 kobolds
  6 rats
69 creatures vanquished.

Vanquished Creatures (others)
  5 fungi
5 creatures vanquished.

Grand Total: 74 creatures vanquished

Notes
Turn   | Place    | Note
-------+----------+-------------------------------------------
     0 | D:1      | Leeroy the Vine Stalker Warper began the quest for the Orb.
     0 | D:1      | Reached XP level 1. HP: 11/11 MP: 4/4
   155 | D:1      | Reached XP level 2. HP: 10/15 MP: 4/6
   168 | D:1      | Learned a level 2 spell: Blink
   631 | D:2      | Reached XP level 3. HP: 18/18 MP: 7/7
   679 | D:2      | Found Komo's Armour Shop.
  1580 | D:3      | HP: 1/27 [poisoned by an adder]
  1721 | D:3      | Gained mutation: Your natural rate of healing is unusually
                  | fast. [Vine Stalker growth]
  1721 | D:3      | Reached XP level 4. HP: 20/23 MP: 6/8
  1788 | D:3      | Found a shimmering altar of Xom.
  1819 | D:3      | Identified the +2 robe "Noit" {Rampage Str+3 Dex-2 Stlth+}
  2278 | D:3      | Reached skill level 1 in Stealth
  2371 | D:3      | Found a runed translucent door.
  2372 | D:3      | Noticed Crazy Yiuf
  2383 | D:3      | Killed Crazy Yiuf
  2384 | D:3      | Reached skill level 2 in Stealth
  2384 | D:3      | Reached XP level 5. HP: 3/26 MP: 0/9
  2607 | D:4      | Noticed a phantom
  2623 | D:4      | Found a staircase to the Ecumenical Temple.
  2632 | D:4      | Killed a phantom
  2633 | D:4      | Reached skill level 4 in Stealth
  2645 | Temple   | Entered the Ecumenical Temple
  2755 | Temple   | Became a worshipper of Uskayaw the Reveller
  2896 | D:4      | Reached * piety under Uskayaw
  2901 | D:4      | Reached ** piety under Uskayaw
  2902 | D:4      | Reached XP level 6. HP: 13/30 MP: 3/10
  2909 | D:4      | Reached *** piety under Uskayaw
  2911 | D:4      | Reached skill level 5 in Stealth
  2914 | D:4      | Reached **** piety under Uskayaw
  3217 | D:4      | Reached skill level 6 in Stealth
  3247 | D:4      | Slain by a gnoll

Illustrated notes

Levels and vault maps discovered:
D:1:      nicolae_arrival_washed_ashore, layout_rooms, minmay_pentomino_o4
D:2:      layout_basic, serial_shops, shop
D:3:      layout_loops_ring, mainiacjoe_overflow_catwalk, minmay_cut_off,
          uniq_crazy_yiuf_cottage
D:4:      layout_gridville, minmay_temple_entry_grid, dreamdust_gnoll_farm
Temple:   kb_temple_of_zot

Skill      XL: |  1  2  3  4  5  6 |
---------------+-------------------+-----
Long Blades    | 2 3 4 |  4.1
Stealth        | 2 4 6 |  6.4
Fighting       | |  1.7
Throwing       | |  0.8
Armour         | |  0.7
Dodging        | |  1.5
Spellcasting   | |  2.1
Translocations | |  3.0

Action                     |  1- 3 |  4- 6 || total
---------------------------+-------+-------++-------
  Melee: Falchion          |    96 |    76 ||   172
         Bite              |    28 |    41 ||    69
         Punch             |     1 |     1 ||     2
         Dagger            |       |    99 ||    99
    Use: Potion            |     5 |       ||     5
         Scroll            |       |     1 ||     1
   Stab: Sleeping          |       |     6 ||     6
         Paralysed         |       |     2 ||     2
         Distracted        |       |     1 ||     1
 Armour: Leather armour    |    32 |     5 ||    37
         Robe              |       |    56 ||    56
  Dodge: Dodged            |    61 |   119 ||   180

Table legend: (Time is in decaauts)
 A = Elapsed time spent in this place.
 B = Non-inter-level travel time spent in this place.
 C = Inter-level travel time spent in this place.
 D = Time resting spent in this place.
 E = Time spent auto-exploring this place.
 F = Levels seen in this place.
 G = Mean time per level.
                   A        B        C        D        E       F      G
               +--------+--------+--------+--------+--------+-----+--------+
         Total |   3239 |   3009 |    230 |     69 |   2321 |   5 |  647.8 |
       Dungeon |   3097 |   2916 |    181 |     69 |   2241 |   4 |  774.2 |
        Temple |    141 |     92 |     49 |      0 |     80 |   1 |  141.0 |
               +--------+--------+--------+--------+--------+-----+--------+

Top non-repeatable levels by time:
     D:3: 1007 daAuts
     D:2: 919 daAuts
     D:1: 626 daAuts
     D:4: 544 daAuts
  Temple: 141 daAuts
